 Dungeon Crawl Stone Soup version 0.16-a0-3708-g05dc7d7 (webtiles) character file.

189 Johnny the Ducker (level 5, -3/36 HPs)
             Began as a High Elf Artificer on Jan 19, 2015.
             Killed from afar by Meriados' ghost (33 damage)
             ... with a shard of ice
             ... on level 4 of the Dungeon.
             The game lasted 00:02:29 (2277 turns).

Johnny the Ducker (High Elf Artificer)              Turns: 2277, Time: 00:02:29

Health: -3/36      AC:  5    Str: 10    XL:     5   Next: 40%
Magic:  10/10      EV: 12    Int: 16    God:
Gold:   61         SH:  0    Dex: 16    Spells: 0 memorised, 4 levels left

rFire  . . .     SeeInvis .     a - +0 short sword
rCold  . . .     Clarity  .     j - +0 ring mail
rNeg   . . .     SustAb   .     (no shield)
rPois  .         Gourm    .     (no helmet)
rElec  .         Spirit   .     (no cloak)
rCorr  .         Warding  .     (no gloves)
rMut   .         Stasis   .     (no boots)
MR     .....                    (no amulet)
Stlth  +.........               (no ring)
                                (no ring)

@: not resistant to hostile enchantments, very unstealthy
A: no striking features
a: no special abilities


You were on level 4 of the Dungeon.
You were not hungry.

You visited 1 branch of the dungeon, and saw 3 of its levels.

You collected 61 gold pieces.

Inventory:

Hand weapons
 a - a +0 short sword (weapon)
Armour
 j - a +0 ring mail (worn)
Jewellery
 r - an uncursed ring of sustain abilities {unknown}
Magical devices
 b - a wand of flame (15)
 c - a wand of enslavement (15)
 d - a wand of random effects (12)
 q - a wand of polymorph (8)
 u - a wand of confusion (12)
 w - a wand of teleportation (5)
Scrolls
 e - 2 scrolls of teleportation {unknown}
 h - a scroll of recharging {unknown}
 k - 5 scrolls of identify {unknown}
 l - a scroll of fog {unknown}
 p - a scroll of enchant weapon {unknown}
Potions
 i - 2 potions of curing {unknown}
 n - a potion of might {unknown}
 s - a potion of haste {unknown}
 v - a potion of flight {unknown}
Comestibles
 f - 2 bread rations
 g - 2 slices of pizza
 m - a meat ration
 o - a beef jerky
 t - 3 fruits


   Skills:
 * Level 3.1 Fighting
 + Level 2.9 Short Blades
 + Level 1.5 Armour
 * Level 3.8 Dodging
 - Level 1.1 Stealth
 - Level 3.0 Evocations


You had 4 spell levels left.
You didn't know any spells.

Dungeon Overview and Level Annotations

Branches:
Dungeon (4/15)
 Temple: D:4-7

Altars:
Xom

Annotations:
D:4 Meriados' ghost, experienced HuIE


Message History

Meriados' ghost resists with significant effort.
This wand has 13 charges left.
Meriados' ghost hits you but does no damage.
Evoke which item? (* to show all) (? for menu, Esc to quit)
Zapping:
d - a wand of random effects (13)
Press: ? - help, Shift-Dir - straight line, f/p - Meriados' ghost
Aim: Meriados' ghost, wielding a weapon of electrocution (lightly damaged) Nothing appears to happen.
This wand has 12 charges left.
Meriados' ghost misses you.
Evoke which item? (* to show all) (? for menu, Esc to quit)
Okay, then.
Evoke which item? (* to show all) (? for menu, Esc to quit)
Okay, then.
Evoke which item? (* to show all) (? for menu, Esc to quit)
Okay, then.
Meriados' ghost misses you.
Meriados' ghost points at you and mumbles some strange words.
The shard of ice hits you!
Ouch! That really hurt!
You die...

...###...###..###.###.
.#..#.....#....#.#....
##.#......#....##....###
#..#.####...###.#.#...## #.##.#
##.## ##.......< #.##.# #.#
#.##...## #######.##.#
#.#####.###....
.........##.#####.##...........
#..)...W.@...<#.##.###.###
#.........##..#.##.# #.#
#.........##.......# #.#
#.........##.......#
..................####
#.##.........#######
#..<......# #.........#
#.........#


You could see Meriados' ghost.

Vanquished Creatures
  An ogre (D:4)
  4 adders
  4 giant geckos
  An ooze (D:1)
  6 bats
  3 giant cockroaches
  5 goblins
  2 hobgoblins (D:1)
  4 jackals (D:1)
  9 kobolds
  A ball python (D:1)
  A giant newt (D:1)
  35 rats
76 creatures vanquished.

Notes
Turn   | Place    | Note
--------------------------------------------------------------
     0 | D:1      | Johnny, the High Elf Artificer, began the quest for the Orb.
     0 | D:1      | Reached XP level 1. HP: 13/13 MP: 2/2
   429 | D:1      | Reached XP level 2. HP: 16/18 MP: 4/4
   962 | D:1      | Reached XP level 3. HP: 16/23 MP: 6/6
  1168 | D:1      | Found a shimmering altar of Xom.
  1668 | D:2      | Reached XP level 4. HP: 24/29 MP: 9/9
  1788 | D:2      | Reached skill level 1 in Armour
  2082 | D:2      | You fall through a shaft for 2 floors!
  2218 | D:4      | Noticed an ogre
  2242 | D:4      | Killed an ogre
  2242 | D:4      | Reached XP level 5. HP: 26/36 MP: 10/10
  2267 | D:4      | Noticed Meriados' ghost (experienced HuIE)
  2277 | D:4      | Killed from afar by Meriados' ghost

Action                   |  1- 3 |  4- 6 || total
-------------------------+-------+-------++-------
Melee: Short sword       |   186 |    94 ||   280
Evoke: Wand              |       |     6 ||     6
  Eat: Chunk             |     2 |     3 ||     5
